 Dungeon Crawl Stone Soup version 0.21-a0-440-g28109cb (webtiles) character file.

739 Ijustatesigmund the Sneak (level 7, -1/46 HPs)
             Began as an Octopode Artificer on Nov 10, 2017.
             Was a Believer of Okawaru.
             Succumbed to HAL9000's ghost's poison
             ... in an ossuary.
             The game lasted 00:12:04 (4756 turns).

Ijustatesigmund the Sneak (Octopode Artificer)      Turns: 4756, Time: 00:12:04

Health: -1/46      AC:  1    Str: 11 (12) XL:     7   Next: 75%
Magic:  3/3        EV: 18    Int: 12 (14) God:    Okawaru [**....]
Gold:   158        SH:  0    Dex: 17 (18) Spells: 6/6 levels left

rFire    . . .     SeeInvis .   a - +3 mace (antimagic)
rCold    . . .     Gourm    .   (no shield)
rNeg     . . .     Faith    .   (helmet restricted)
rPois    .         Spirit   .   (no amulet)
rElec    .         Reflect  .   e - ring of protection from magic
rCorr    .         Harm     .   q - +5 ring of dexterity
MR       +....                  (no ring)
Stlth    ++++++....             (no ring)
HPRegen  0.15/turn              (no ring)
MPRegen  0.08/turn              (no ring)
                                (no ring)
                                (no ring)

@: lethally poisoned (-1 -> -27), heroism
A: almost no armour, stealthy swim, amphibious, 8 rings, constrict 8, camouflage
1, gelatinous body 1
a: Heroism, Renounce Religion


You were in an ossuary.
You worshipped Okawaru.
Okawaru was pleased with you.
You were not hungry.

You visited 2 branches of the dungeon, and saw 6 of its levels.
You also visited: Ossuary.

You collected 158 gold pieces.

Inventory:

Hand Weapons
 a - a +3 antimagic mace (weapon)
 r - a +2 mace of crushing
Missiles
 p - 7 tomahawks (quivered)
Jewellery
 e - a ring of protection from magic (left tentacle)
 q - a +5 ring of dexterity (right tentacle)
Wands
 b - a wand of flame (10/48)
 c - a wand of enslavement (5/24)
 d - a wand of random effects (11/48)
Scrolls
 o - a scroll of remove curse
 t - a scroll of enchant armour
 v - a scroll of amnesia
Potions
 h - a potion of agility
 j - a potion of brilliance
 k - a potion of flight
Comestibles
 f - 5 bread rations
 g - 3 meat rations
 i - 7 fruits
 l - 4 royal jellies


   Skills:
 - Level 3.5(8.5) Fighting
   Level 1.0(6.0) Short Blades
 + Level 4.0(9.0) Maces & Flails
 - Level 2.0(7.0) Dodging
 - Level 5.0(10.0) Stealth
 + Level 5.0 Invocations
 + Level 3.8 Evocations


You had 6 spell levels left.
You didn't know any spells.

Dungeon Overview and Level Annotations

Branches:
Dungeon (5/15)             Temple (1/1) D:5

Altars:
Cheibriados
Dithmenos
Gozag
Hepliaklqana
Nemelex Xobeh
Okawaru
Qazlal
Ru
Uskayaw
Xom

Annotations:
Ossuary HAL9000's ghost, novice VSAs


Innate Abilities, Weirdness & Mutations

You cannot wear most types of armour.
You are very stealthy in the water. (Stealth+)
You are amphibious.
You can wear up to eight rings at the same time.
You can use your tentacles to constrict eight enemies at once.
Your skin changes colour to match your surroundings (Stealth+).
Your rubbery body absorbs attacks. (AC +1, EV +1)


Message History

HAL9000's ghost is severely damaged.
You feel sick. HAL9000's ghost hits you.
You hit HAL9000's ghost.
HAL9000's ghost is severely damaged.
* * * LOW HITPOINT WARNING * * *
You feel sick. HAL9000's ghost misses you.
It was a potion of degeneration.
There was something very wrong with that liquid.
You feel weakened.
You feel dopey.
You feel clumsy.
* * * LOW HITPOINT WARNING * * *
You feel sick. HAL9000's ghost hits you.
* * * LOW HITPOINT WARNING * * *
You are more poisoned.
You hit HAL9000's ghost.
HAL9000's ghost is severely damaged.
* * * LOW HITPOINT WARNING * * *
You feel sick. HAL9000's ghost hits you.
* * * LOW HITPOINT WARNING * * *
It was a potion of cancellation.
You feel magically purged.
You die...

###################
.......∩∩.........#
............W@....#
.##############...#
...# ...# ...# ..Z#
Z..# ..Z#


You could see HAL9000's ghost.

Vanquished Creatures
  An orc priest (D:4)
  A phantom (D:4)
  A scorpion (D:4)
  A crimson imp (D:5)
  A hound (D:4)
  2 orc wizards (D:4)
  A bullfrog skeleton (D:4)
  Natasha (thrice) (D:2 D:3)
  4 adders
  An adder zombie (D:3)
  A worm (D:3)
  2 dart slugs
  4 leopard geckos
  2 orcs (D:4)
  4 bats (D:2)
  3 giant cockroaches
  11 hobgoblins
  8 jackals
  6 kobolds
  A ball python (D:4)
  5 frilled lizards
  10 goblins
  A kobold zombie (Ossuary)
  An orc zombie (Ossuary)
  6 rats
81 creatures vanquished.

Vanquished Creatures (collateral kills)
  The ghost of Ijustatesigmund the Skirmisher, a novice OpAr (D:4)
  An adder (D:4)
  An orc (D:4)
  A giant cockroach (D:1)
  A rat (D:2)
5 creatures vanquished.

Grand Total: 86 creatures vanquished

Notes
Turn   | Place    | Note
-------+----------+-------------------------------------------
     0 | D:1      | Ijustatesigmund the Octopode Artificer began the quest for the Orb.
     0 | D:1      | Reached XP level 1. HP: 13/13 MP: 3/3
    88 | D:2      | Reached XP level 2. HP: 2/19 MP: 4/4
  1374 | D:2      | Found a sparkling altar of Nemelex Xobeh.
  1374 | D:2      | Found an iron altar of Okawaru.
  1379 | D:2      | Found a hazy altar of Hepliaklqana.
  1386 | D:2      | Became a worshipper of Warmaster Okawaru
  1401 | D:2      | Reached XP level 3. HP: 24/25 MP: 5/5
  1579 | D:2      | Noticed Natasha
  1587 | D:2      | Killed Natasha
  1587 | D:2      | Reached skill level 1 in Invocations
  1587 | D:2      | Reached XP level 4. HP: 20/31 MP: 6/6
  2768 | D:3      | Found a stormy altar of Qazlal.
  2852 | D:3      | Reached skill level 1 in Maces & Flails
  3000 | D:3      | Reached XP level 5. HP: 36/36 MP: 2/7
  3199 | D:3      | Noticed Natasha
  3203 | D:3      | Killed Natasha
  3291 | D:4      | Noticed Ijustatesigmund's ghost (novice OpAr)
  3303 | D:4      | Killed Ijustatesigmund's ghost
  3303 | D:4      | Reached * piety under Okawaru
  3303 | D:4      | Reached XP level 6. HP: 31/42 MP: 2/8
  3321 | D:3      | Noticed Natasha
  3323 | D:3      | Killed Natasha
  3588 | D:4      | Reached ** piety under Okawaru
  3588 | D:4      | Reached XP level 7. HP: 21/46 MP: 2/10
  3703 | D:4      | Found a hide-covered altar of Uskayaw.
  4064 | D:4      | Found a shadowy altar of Dithmenos.
  4218 | D:4      | Reached skill level 5 in Stealth
  4491 | D:5      | Entered Level 5 of the Dungeon
  4491 | D:5      | Found an opulent altar of Gozag.
  4521 | D:5      | Found a staircase to the Ecumenical Temple.
  4538 | Temple   | Entered the Ecumenical Temple
  4664 | D:5      | Reached skill level 5 in Invocations
  4682 | D:5      | Found a sand-covered staircase.
  4691 | Ossuary  | Entered an ossuary
  4691 | Ossuary  | Noticed HAL9000's ghost (novice VSAs)
  4755 | Ossuary  | HP: 1/46 [HAL9000's ghost (4)]
  4756 | Ossuary  | Succumbed to HAL9000's ghost's poison

Vault maps used:
D:1:      onia_arrival_mini_maze_b, minmay_pentomino_p2
D:2:      kennysheep_six_static_rooms, grunt_temple_overflow_open, uniq_natasha
D:3:      first_bread, nicolae_qazlal_general_emergency
D:4:      cheibrodos_greedy_goblins, lemuel_crystal_altar,
          nicolae_dithmenos_shadow_blocks
D:5:      minmay_temple_entry_statues_fountains, enter_ossuary_4,
          minmay_tree_intersection, nicolae_gozag_seed_capital
Temple:   jpeg_temple_island
Ossuary:  ossuary_tomb_1

Skill      XL: |  1  2  3  4  5  6  7 |
---------------+----------------------+-----
Fighting       | 2 3 |  3.5
Invocations    | 1 2 3 4 5 |  5.0
Maces & Flails | 1 2 3 4 |  4.0
Stealth        | 3 4 5 |  5.0
Short Blades   | |  1.0
Dodging        | |  2.0
Evocations     | |  3.8

Action                   |  1- 3 |  4- 6 |  7- 9 || total
-------------------------+-------+-------+-------++-------
Melee: Short sword       |    51 |    13 |       ||    64
       Constrict         |    12 |    20 |    15 ||    47
       Tentacles         |     6 |    14 |    12 ||    32
       Mace              |       |    62 |    66 ||   128
       Punch             |       |       |     1 ||     1
Invok: Heroism           |       |       |     2 ||     2
Evoke: Wand              |     2 |     3 |    14 ||    19
  Use: Scroll            |     2 |     6 |     3 ||    11
       Potion            |       |     1 |     3 ||     4
 Stab: Sleeping          |     6 |     8 |     3 ||    17
       Betrayed ally     |     1 |       |       ||     1
       Distracted        |       |       |     1 ||     1
  Eat: Chunk             |     2 |     6 |     4 ||    12
Armor: Skin              |     2 |     6 |     2 ||    10
Dodge: Dodged            |    32 |    49 |    41 ||   122

Table legend:
 A = Spawn XP
 B = Non-spawn XP
 C = Spawn XP percentage of total XP
 D = Spawn monster count
 E = Non-spawn monster count
 F = Spawn count percentage of total count
 G = Total turns spent on level
                    A         B        C        D         E        F      G
               +---------+---------+-------+---------+---------+-------+---------
         Total |       0 |    1057 |   0.0 |       0 |      86 |   0.0 |  4756
               +---------+---------+-------+---------+---------+-------+---------
           D:1 |       0 |      25 |   0.0 |       0 |      13 |   0.0 |   848
           D:2 |       0 |     112 |   0.0 |       0 |      24 |   0.0 |  1904
           D:3 |       0 |     103 |   0.0 |       0 |      16 |   0.0 |   974
           D:4 |       0 |     758 |   0.0 |       0 |      26 |   0.0 |   775
           D:5 |       0 |      57 |   0.0 |       0 |       5 |   0.0 |   178
       Ossuary |       0 |       2 |   0.0 |       0 |       2 |   0.0 |    65
               +---------+---------+-------+---------+---------+-------+---------
